 Seeded DCSS version 0.30-a0-390-g80c34de65d (webtiles) character file.

Game seed: 5000001 (custom seed)

182 McGhostyFace the Insei (level 5, 0/43 HPs)
             Began as a Gnoll Wanderer on Dec 4, 2022.
             Slain by a giant cockroach (2 damage)
             ... on level 3 of the Dungeon.
             The game lasted 00:06:14 (2524 turns).

McGhostyFace the Insei (Gnoll Wanderer)             Turns: 2524, Time: 00:06:14

Health: 0/43       AC:  2    Str:  6 (8)  XL:     5   Next: 61%
Magic:  6/9        EV: 12    Int: 13 (14) God:
Gold:   101        SH:  0    Dex: 13 (14) Spells: 9/10 levels left

rFire   + . .      SeeInvis .    p - +2 dagger (venom)
rCold   + . .      Faith    .    (no shield)
rNeg    . . .      Spirit   .    e - +0 robe
rPois   .          Reflect  .    (no helmet)
rElec   .          Harm     .    i - scarf {rC+ rF+}
rCorr   .          Rampage  .    (no gloves)
Will    .....                    (no boots)
Stlth   ++........               (no amulet)
HPRegen 0.27/turn                (no ring)
MPRegen 0.11/turn                (no ring)

@: no status effects
A: fangs 1, strong nose, distributed training
a: no special abilities


You were on level 3 of the Dungeon.
You visited 1 branch of the dungeon, and saw 3 of its levels.

You collected 101 gold pieces.

Inventory:

Hand Weapons
 a - a +0 dagger
 p - a +2 dagger of venom (weapon)
Missiles
 b - 5 poisoned darts (quivered)
Armour
 e - a +0 robe (worn)
 i - a scarf of resistance (worn)
Scrolls
 f - 4 scrolls of identify
 h - 2 scrolls of butterflies
 j - a scroll of enchant armour {unknown}
 l - a scroll of teleportation {unknown}
 n - a scroll of magic mapping {unknown}
Potions
 c - 2 potions of invisibility
 d - 2 potions of attraction
 g - a potion of brilliance {unknown}
 m - a potion of cancellation
 o - a potion of heal wounds
 q - 2 potions of lignification


   Skills:
 + Level 4.8 Fighting
 + Level 1.6 Short Blades
 + Level 1.6 Long Blades
 + Level 1.6 Axes
 + Level 1.6 Maces & Flails
 + Level 1.6 Polearms
 + Level 1.6 Staves
 + Level 1.6 Ranged Weapons
 + Level 4.8 Throwing
 + Level 3.0 Armour
 + Level 1.6 Dodging
 + Level 2.8 Stealth
 + Level 1.6 Shields
 + Level 4.8 Unarmed Combat
 + Level 3.2 Spellcasting
 + Level 1.3 Conjurations
 + Level 1.3 Hexes
 + Level 1.3 Summonings
 + Level 1.3 Necromancy
 + Level 1.3 Translocations
 + Level 1.3 Transmutations
 + Level 1.3 Fire Magic
 + Level 1.3 Ice Magic
 + Level 1.3 Air Magic
 + Level 2.4 Earth Magic
 + Level 1.3 Poison Magic
 + Level 1.8 Invocations
 + Level 1.6 Evocations


You had 9 spell levels left.
You knew the following spells:

 Your Spells              Type           Power      Damage    Failure   Level
a - Sandblast             Erth           16%        2d6       9%          1

Your spell library contained the following spells:

 Spells                   Type           Power      Damage    Failure   Level
 Sublimation of Blood     Necr           5%         N/A       21%         2
 Stone Arrow              Conj/Erth      14%        3d7       30%         3
 Petrify                  Tmut/Erth      7%         N/A       71%         4
 Irradiate                Conj/Tmut      2%         3d12      98%         5


Dungeon Overview and Level Annotations

Branches:
Dungeon (3/15)

Altars:
The Shining One


Innate Abilities, Weirdness & Mutations

You have very sharp teeth.
Your uncanny sense of smell can sniff out nearby items.
Your experience applies equally to all skills.


Message History

A giant cockroach comes into view.
Ijyb hits you with a +0 club.
* * * LOW HITPOINT WARNING * * *
The quokka misses you.
You barely miss the quokka. Your punch misses the quokka.
Ijyb hits you with a +0 club.
* * * LOW HITPOINT WARNING * * *
The quokka barely misses you.
You closely miss the quokka.
You kill Ijyb!
The quokka bites you.
* * * LOW HITPOINT WARNING * * *
Casting: Sandblast (safe; 9% risk of failure)
Confirm with . or Enter, or press ? or * to list all spells.
Aiming: Sandblast (safe; 9% risk of failure)
Press: ? - help, Shift-Dir - straight line, f - giant cockroach
Aim: a giant cockroach (81% to hit)
The blast of sand misses the giant cockroach.
The quokka misses you. The giant cockroach closely misses you.
The quokka barely misses you. The giant cockroach closely misses you.
Casting: Sandblast (safe; 9% risk of failure)
Confirm with . or Enter, or press ? or * to list all spells.
Aiming: Sandblast (safe; 9% risk of failure)
Press: ? - help, Shift-Dir - straight line, f/p - giant cockroach
Aim: a giant cockroach (81% to hit)
The blast of sand misses the giant cockroach.
The giant cockroach closely misses you. The quokka closely misses you.
Casting: Sandblast (safe; 9% risk of failure)
Confirm with . or Enter, or press ? or * to list all spells.
Aiming: Sandblast (safe; 9% risk of failure)
Press: ? - help, Shift-Dir - straight line, f/p - giant cockroach
Aim: a giant cockroach (81% to hit)
The blast of sand hits the giant cockroach.
The giant cockroach is almost dead.
The quokka misses you.
The giant cockroach bites you but does no damage.
The quokka bites you.
* * * LOW HITPOINT WARNING * * *
The giant cockroach bites you.
You die...

#. ## ...# #.# #.##.#
##.####.#
..#.)†#......#.# #..
#.####..#.# #
##(.###....#....####
#. ..#†...###.........
#..#.#.#...#.##...####
#....#...$#..(#.#.....
#.@B#.###.##...####
#...r)..# .#...#.#
#.....### . #....#
#....#. ## #...##
###.. .. #..# #.. ###
###


You could see a quokka and a giant cockroach.

Vanquished Creatures
  An orc priest (D:3)
  Ijyb (D:3)
  3 gnolls (D:2)
  2 adders (D:2)
  A worm (D:2)
  2 dart slugs
  4 orcs (D:3)
  3 bats
  4 endoplasms
  A giant cockroach (D:2)
  8 goblins
  3 hobgoblins
  4 jackals (D:1)
  7 kobolds
  5 quokkas
  6 ball pythons
  9 frilled lizards
  6 rats
70 creatures vanquished.

Notes
Turn   | Place    | Note
-------+----------+-------------------------------------------
     0 | D:1      | McGhostyFace the Gnoll Wanderer began the quest for the
                  | Orb.
     0 | D:1      | McGhostyFace set off with the following items: a +0 dagger,
                  | 9 poisoned darts, 2 potions of invisibility, a potion of
                  | attraction, a +0 robe; and the following spell memorised:
                  | Sandblast; and the following spells available to memorise:
                  | Stone Arrow.
     0 | D:1      | Reached XP level 1. HP: 20/20 MP: 4/4
    66 | D:1      | Reached XP level 2. HP: 5/26 MP: 5/5
   673 | D:1      | Reached XP level 3. HP: 31/31 MP: 7/7
   960 | D:1      | Reached skill level 1 in Invocations
  1447 | D:2      | Reached skill level 1 in Short Blades
  1447 | D:2      | Reached skill level 1 in Long Blades
  1447 | D:2      | Reached skill level 1 in Axes
  1447 | D:2      | Reached skill level 1 in Maces & Flails
  1447 | D:2      | Reached skill level 1 in Polearms
  1447 | D:2      | Reached skill level 1 in Staves
  1447 | D:2      | Reached skill level 1 in Ranged Weapons
  1447 | D:2      | Reached skill level 1 in Dodging
  1447 | D:2      | Reached skill level 1 in Shields
  1447 | D:2      | Reached skill level 1 in Evocations
  1585 | D:2      | Reached XP level 4. HP: 31/38 MP: 8/8
  1691 | D:2      | Found a faded altar of an unknown god.
  1706 | D:2      | Reached skill level 1 in Conjurations
  1706 | D:2      | Reached skill level 1 in Hexes
  1706 | D:2      | Reached skill level 1 in Summonings
  1706 | D:2      | Reached skill level 1 in Necromancy
  1706 | D:2      | Reached skill level 1 in Translocations
  1706 | D:2      | Reached skill level 1 in Transmutations
  1706 | D:2      | Reached skill level 1 in Fire Magic
  1706 | D:2      | Reached skill level 1 in Ice Magic
  1706 | D:2      | Reached skill level 1 in Air Magic
  1706 | D:2      | Reached skill level 1 in Poison Magic
  2308 | D:3      | Found a glowing golden altar of the Shining One.
  2319 | D:3      | Reached XP level 5. HP: 43/43 MP: 7/9
  2506 | D:3      | Noticed Ijyb
  2521 | D:3      | Killed Ijyb
  2524 | D:3      | HP: 2/43 [quokka (4)]
  2524 | D:3      | Slain by a giant cockroach

Illustrated notes

Levels and vault maps discovered:
D:1:      eino_arrival_water_star, layout_basic, dreamdust_mushroom_princess
D:2:      layout_rooms, hellmonk_ecumenical_altar_inner_sanctum,
          minmay_misc_feat_doors, minivault_26, grunt_ministairs_9
D:3:      layout_loops_ring, lemuel_tele_altar, minmay_pentomino_pile, uniq_ijyb

Skill      XL: |  1  2  3  4 |
---------------+-------------+-----
Earth Magic    | 2 |  2.4
Invocations    | 1 |  1.8
Short Blades   | 1 |  1.6
Long Blades    | 1 |  1.6
Axes           | 1 |  1.6
Maces & Flails | 1 |  1.6
Polearms       | 1 |  1.6
Staves         | 1 |  1.6
Ranged Weapons | 1 |  1.6
Dodging        | 1 |  1.6
Shields        | 1 |  1.6
Evocations     | 1 |  1.6
Spellcasting   | 3 |  3.2
Conjurations   | 1 |  1.3
Hexes          | 1 |  1.3
Summonings     | 1 |  1.3
Necromancy     | 1 |  1.3
Translocations | 1 |  1.3
Transmutations | 1 |  1.3
Fire Magic     | 1 |  1.3
Ice Magic      | 1 |  1.3
Air Magic      | 1 |  1.3
Poison Magic   | 1 |  1.3
Armour         | 3 |  3.0
Fighting       | |  4.8
Throwing       | |  4.8
Stealth        | |  2.8
Unarmed Combat | |  4.8

Action                   |  1- 3 |  4- 6 || total
-------------------------+-------+-------++-------
Melee: Dagger            |   125 |    70 ||   195
       Bite              |    10 |     6 ||    16
       Punch             |       |     3 ||     3
Throw: Dart              |    45 |    16 ||    61
 Cast: Sandblast         |       |     5 ||     5
  Use: Scroll            |       |     4 ||     4
       Potion            |       |     2 ||     2
 Stab: Sleeping          |     1 |       ||     1
Armor: Robe              |    31 |    10 ||    41
Dodge: Dodged            |    88 |    65 ||   153

Table legend: (Time is in decaauts)
 A = Elapsed time spent in this place.
 B = Non-inter-level travel time spent in this place.
 C = Inter-level travel time spent in this place.
 D = Time resting spent in this place.
 E = Time spent auto-exploring this place.
 F = Levels seen in this place.
 G = Mean time per level.
                   A        B        C        D        E       F      G
               +--------+--------+--------+--------+--------+-----+--------+
         Total |   2513 |   2439 |     74 |    745 |   1194 |   3 |  837.7 |
       Dungeon |   2513 |   2439 |     74 |    745 |   1194 |   3 |  837.7 |
               +--------+--------+--------+--------+--------+-----+--------+

Top non-repeatable levels by time:
     D:1: 1337 daAuts
     D:2: 927 daAuts
     D:3: 248 daAuts
